 Dungeon Crawl Stone Soup version 0.29.1-15-g9cfb28693d (webtiles) character file.

Game seed: 4818865842101591110

1098 hawla the Firebug (level 8, -1/59 HPs)
             Began as a Meteoran Fire Elementalist on Apr 22, 2023.
             Slain by Grunkalo's ghost (10 damage)
             ... on level 5 of the Dungeon.
             The game lasted 00:07:10 (1714 turns).

hawla the Firebug (Meteoran Fire Elementalist)      Turns: 1714, Time: 00:07:11

Health: -1/59      AC:  3    Str:  8    XL:     8   Next: 88%
Magic:  3/16       EV: 17    Int: 20    God:
Gold:   257        SH:  0    Dex: 15    Spells: 9/16 levels left

rFire   . . .      SeeInvis +   f - +6 broad axe of the Special Hosts {spect, rC+ Will++ Str-2 Int+2}
rCold   + . .      Faith    .   (no shield)
rNeg    . . .      Spirit   .   a - +0 robe
rPois   .          Reflect  .   (no helmet)
rElec   .          Harm     .   (no cloak)
rCorr   .          Rampage  .   (no gloves)
Will    +++..                   m - +0 pair of boots
Stlth   +.........              (no amulet)
HPRegen 0.19/turn               e - ring of see invisible
MPRegen 0.15/turn               h - +4 ring of evasion

@: lethally poisoned (-1 -> -28), glowing
A: sense surroundings 1, otherworldly, glowing, explore regen
a: no special abilities


You were on level 5 of the Dungeon.
You visited 1 branch of the dungeon, and saw 5 of its levels.

You collected 257 gold pieces.

Inventory:

Hand Weapons
 f - the +6 broad axe of the Special Hosts (weapon) {spect, rC+ Will++ Str-2 Int+2}
   (You found it on level 4 of the Dungeon)

   When its wielder attacks, the weapon's spirit leaps out and strikes again.
   The spirit shares a part of any damage it takes with its wielder.
   Str:       It affects your strength (-2).
   Int:       It affects your intelligence (+2).
   rC:        It protects you from cold.
   Will:      It greatly increases your willpower.
Armour
 a - a +0 robe (worn)
 m - a +0 pair of boots (worn)
Jewellery
 e - a ring of see invisible (left hand)
 h - a +4 ring of evasion (right hand)
Wands
 i - a wand of roots (12)
 j - a wand of flame (34)
 k - a wand of charming (14)
Scrolls
 n - 2 scrolls of identify
 o - a scroll of brand weapon {unknown}
 q - a scroll of teleportation
Potions
 b - 2 potions of magic
 c - 2 potions of curing
 d - 2 potions of heal wounds
 g - a potion of haste
 l - a potion of invisibility {unknown}
 p - a potion of mutation {unknown}


   Skills:
 + Level 1.4 Fighting
 * Level 6.0 Axes
 + Level 3.2 Dodging
 - Level 1.4 Stealth
 + Level 4.7 Spellcasting
 + Level 6.1 Conjurations
 + Level 6.4 Fire Magic


You had 9 spell levels left.
You knew the following spells:

 Your Spells              Type           Power      Damage    Failure   Level
a - Foxfire               Conj/Fire      100%       2x1d9     1%          1
b - Scorch                Fire           60%        2d8       1%          2
c - Flame Wave            Conj/Fire      30%        2d9       9%          4

Your spell library contained the following spells:

 Spells                   Type           Power      Damage    Failure   Level
 Magic Dart               Conj           100%       1d8       1%          1
 Conjure Flame            Conj/Fire      30%        6-21      2%          3
 Inner Flame              Hex/Fire       17%        N/A       10%         3
 Mephitic Cloud           Conj/Pois/Air  13%        N/A       16%         3
 Call Imp                 Summ           4%         N/A       19%         2


Dungeon Overview and Level Annotations

Branches:
Dungeon (5/15) Zot: 1269   Temple (0/1) D:5

Altars:
Cheibriados
Dithmenos
Elyvilon
Okawaru
Ru
Sif Muna
Wu Jian

Annotations:
D:5 1 transporter, Grunkalo's ghost, novice HOBe


Innate Abilities, Weirdness & Mutations

You passively map a small area around you.
You are easily found by Zot.
You glow in the dark.
You regain HP and MP as you explore.


Message History

The gnoll sergeant hits you from afar with a +0 spear of venom.
You are poisoned.
The gnoll hits you with a +0 club.
The gnoll hits you from afar with a +0 spear.
Casting: Foxfire (safe; 1% risk of failure)
Confirm with . or Enter, or press ? or * to list all spells.
Flames lash the gnoll.
You kill the gnoll!
You feel sick.
You hear a shout!
The foxfire hits the gnoll sergeant but does no damage.
The gnoll sergeant is lightly wounded.
The foxfire hits the gnoll sergeant!
The gnoll sergeant is moderately wounded.
The gnoll closely misses you.
The gnoll sergeant hits you from afar with a +0 spear of venom!
Casting: Scorch (safe; 1% risk of failure)
Confirm with . or Enter, or press ? or * to list all spells.
Casting: Flame Wave (dangerous; 9% risk of failure)
Press: ? - help, Dir - look around, f - activate A wave of flame ripples out! (Press . to intensify the flame waves.)
You feel sick.
The gnoll sergeant hits you from afar with a +0 spear of venom.
You are more poisoned.
The gnoll barely misses you.
A wave of flame ripples out!
The flame wave engulfs Grunkalo's ghost!
Grunkalo's ghost is moderately damaged.
The flame wave engulfs the gnoll sergeant.
The gnoll sergeant is moderately wounded.
The flame wave engulfs the gnoll!
You kill the gnoll!
You feel very sick.
You hear a shout!
The gnoll sergeant hits you from afar with a +0 spear of venom!
* * * LOW HITPOINT WARNING * * *
You are more poisoned.
Grunkalo's ghost hits you!
You die...

....# ##.≈≈#..#8###8#g.#≈≈.......
....# #..≈≈##.###.###.##≈≈.......
....###..≈≈#...........#≈≈.......
.........≈≈###.##'##.###≈≈.......
#..÷.....≈≈..#.#...#.#).≈≈.#.....
#..)))...≈≈.##.#⌠.⌠#.##.≈≈.......
#........≈≈.#©.#...#.g#.≈≈.......
#........≈≈.##g##.##.##.≈≈.......
#............#.#@Wg#.#..≈≈.......
............©#)))©.'.#©.~~.......
.............#.#8§8#.#..≈≈.##....
.....###.≈≈.##.##### ##.≈≈.##....
.....# #.≈≈.#..# :=#..#.≈≈.##....
.....###.≈≈.##.#?..#.##.≈≈.##....
.........≈≈..#.#$$$# #..≈≈.......
.........≈≈###.##'##.###≈≈.#.....
.........≈≈#.....W.....#≈≈.#.....


You could see a gnoll sergeant and Grunkalo's ghost.

Vanquished Creatures
  An ice beast (D:5)
  2 ogres
  A gnoll sergeant (D:5)
  A necrophage (D:5)
  3 scorpions
  A jelly (D:5)
  3 hounds
  2 orc priests (D:5)
  A gnoll bouda (D:5)
  Jessica (D:3)
  4 iguanas (D:5)
  Natasha (thrice) (D:3)
  An orc wizard (D:5)
  2 gnolls (D:5)
  5 adders
  A white imp (D:5)
  An ufetubus (D:5)
  A worm (D:2)
  8 orcs (D:5)
  A bat (D:2)
  3 endoplasms
  3 giant cockroaches
  2 jackals (D:2)
  4 quokkas
  2 ball pythons
  2 rats (D:2)
59 creatures vanquished.

Vanquished Creatures (others)
  63 foxfires
  6 plants (D:5)
69 creatures vanquished.

Grand Total: 128 creatures vanquished

Notes
Turn   | Place    | Note
-------+----------+-------------------------------------------
     0 | D:1      | hawla the Meteoran Fire Elementalist began the quest for
                  | the Orb.
     0 | D:1      | Reached XP level 1. HP: 14/14 MP: 5/5
    17 | D:2      | Reached XP level 2. HP: 20/20 MP: 0/7
   206 | D:2      | Learned a level 2 spell: Scorch
   240 | D:3      | Noticed Jessica
   245 | D:3      | Killed Jessica
   246 | D:3      | Reached XP level 3. HP: 26/26 MP: 3/8
   298 | D:3      | Reached XP level 4. HP: 32/33 MP: 6/9
   304 | D:3      | Noticed Natasha
   306 | D:3      | Killed Natasha
   307 | D:3      | Reached skill level 5 in Fire Magic
   316 | D:3      | Learned a level 4 spell: Flame Wave
   411 | D:3      | Noticed Natasha
   418 | D:3      | Killed Natasha
   419 | D:3      | Reached XP level 5. HP: 38/38 MP: 4/10
   433 | D:3      | Noticed Natasha
   439 | D:3      | Killed Natasha
   482 | D:4      | Found a shimmering blue altar of Sif Muna.
   482 | D:4      | Found an iron altar of Okawaru.
   482 | D:4      | Found a sacrificial altar of Ru.
   482 | D:4      | Found a snail-covered altar of Cheibriados.
   488 | D:4      | Found a white marble altar of Elyvilon.
   495 | D:4      | Found a shadowy altar of Dithmenos.
   496 | D:4      | Identified the +6 broad axe of the Special Hosts {spect,
                  | rC+ Will++ Str-2 Int+2}
   612 | D:4      | Reached XP level 6. HP: 45/45 MP: 11/11
   631 | D:4      | Reached skill level 5 in Conjurations
   664 | D:4      | Noticed an ogre
   669 | D:4      | Killed an ogre
   670 | D:4      | Reached XP level 7. HP: 50/50 MP: 12/12
  1032 | D:5      | Entered Level 5 of the Dungeon
  1034 | D:5      | Identified the +1 scale mail "Sogouc" {rElec rPois Regen+}
  1049 | D:5      | Noticed Grunkalo's ghost (novice HOBe)
  1256 | D:5      | Reached XP level 8. HP: 58/58 MP: 8/14
  1359 | D:5      | Found a transporter.
  1360 | D:5      | Found a transporter.
  1371 | D:5      | Reached skill level 1 in Fighting
  1404 | D:5      | Reached skill level 5 in Axes
  1468 | D:5      | Found a staircase to the Ecumenical Temple.
  1519 | D:5      | Found an ornate altar of the Wu Jian Council.
  1714 | D:5      | Slain by Grunkalo's ghost

Illustrated notes

Levels and vault maps discovered:
D:1:      dpeg_arrival_tiny_k, layout_basic
D:2:      layout_basic, uniq_sigmund
D:3:      layout_rooms, uniq_natasha, uniq_jessica
D:4:      layout_cave_pools, minmay_overflow_temple_hex, st_stairs_4
D:5:      layout_basic, nicolae_wu_jian_immortal_techniques,
          minmay_temple_entry_junction, gammafunk_ghost_gnarly_gnolls,
          grunt_ministairs_6

Skill      XL: |  1  2  3  4  5  6  7  8 |
---------------+-------------------------+-----
Spellcasting   | 3 4 |  4.7
Fire Magic     | 4 5 6 |  6.4
Conjurations   | 2 3 4 5 6 |  6.1
Axes           | 2 4 6 |  6.0
Dodging        | 3 |  3.2
Fighting       | 1 |  1.4
Stealth        | |  1.4

Action                   |  1- 3 |  4- 6 |  7- 9 || total
-------------------------+-------+-------+-------++-------
Melee: Unarmed           |     4 |     1 |       ||     5
       Broad axe         |       |     6 |    29 ||    35
 Cast: Foxfire           |    21 |    15 |     2 ||    38
       Scorch            |     1 |     2 |     6 ||     9
       Flame Wave        |       |       |     4 ||     4
  Use: Scroll            |     2 |     2 |       ||     4
       Potion            |       |       |     3 ||     3
Armor: Robe              |     2 |       |     6 ||     8
Dodge: Dodged            |     1 |     2 |    22 ||    25
